AoeStats
← Seeker

Black Forest

510368074Analyzed
4v4 RM · 2d ago on Sep 30, 2026· 68m 49s· 8 players
Game mode
Random Map
Map size
Large (8 player)
Population
200
Speed
Normal
Resources
Standard
Victory
Conquest
Starting age
Dark Age
Ending age
Imperial Age
RankedLock teamsTeams togetherTeam positionsShared explorationLock speedFull tech treeHidden civsTurbo modeCheats
Victory
Defeat
🇷🇺 Gurjaras · Russia
825
+15
🇷🇺 Vietnamese · Russia
823
+15
🇷🇺 Bohemians · Russia
823
+15
🇷🇺 Koreans · Russia
823
+15
🇭🇰 Mongols · Hong Kong SAR China
879
-17
🇧🇾 Inca · Belarus
821
-16
🇪🇨 Sicilians · Ecuador
782
-14
🇧🇬 Romans · Bulgaria
757
-13
IvanD
6:19 Loom
14:47 Feudal Age
16:20 Wheelbarrow
15:28 Horse Collar
15:37 Double-Bit Axe
15:50 Gold Mining
15:53 Stone Mining
22:08 Castle Age
23:22 Hand Cart
23:21 Bow Saw
23:15 Caravan
23:30 Heavy Plow
27:09 Stone Shaft Mining
27:35 Fervor
27:49 Town Watch
28:10 Treadmill Crane
28:54 Ballistics
28:55 Town Patrol
33:22 Imperial Age
32:31 Fletching
32:52 Forging
32:42 Scale Mail Armor
33:35 Gold Shaft Mining
33:35 Murder Holes
35:17 Chemistry
35:12 Crop Rotation
36:08 Bodkin Arrow
36:49 Iron Casting
36:49 Devotion
37:28 Conscription
38:01 Bracer
37:28 Heavy Camel Rider
38:09 Husbandry
38:42 Chain Mail Armor
38:34 Scale Barding Armor
40:16 Elite Chakram Thrower
41:17 Frontier Guards
41:43 Plate Mail Armor
41:33 Chain Barding Armor
43:27 Hoardings
43:14 Bloodlines
44:26 Coinage
44:18 Onager
44:37 Elite Shrivamsha Rider
45:20 Heavy Scorpion
45:22 Siege Elephant
46:13 Kshatriyas
45:41 Sappers
51:44 Banking
59:18 Chain Barding Armor
58:59 Padded Archer Armor
59:27 Illumination
59:13 Redemption
59:03 Atonement
59:24 Sanctity
59:39 Theocracy
59:26 Heresy
59:02 Herbal Medicine
58:36 Light Cavalry
58:47 Man-at-Arms
59:13 Arson
60:22 Fortified Wall
60:02 Guard Tower
60:23 Masonry
60:04 Heated Shot
60:34 Shipwright
60:25 Clinker Construction
60:25 Careening
60:56 Plate Barding Armor
59:48 Long Swordsman
61:36 Two-Handed Swordsman
63:58 Spies/Treason
64:03 Elite Elephant Archer
64:03 Elite Skirmisher
64:03 Crossbowman
64:49 Thumb Ring
68:19 Imperial Skirmisher
69:23 Carvel Hull
69:34 Architecture
69:40 Keep
69:24 Leather Archer Armor
68:36 Hussar
Guardian of Tirisfal
0:36 Loom
12:00 Feudal Age
13:52 Double-Bit Axe
15:37 Horse Collar
22:12 Castle Age
20:17 Gold Mining
20:22 Stone Mining
23:07 Heavy Plow
23:43 Bow Saw
24:42 Wheelbarrow
29:47 Imperial Age
30:32 Squires
30:34 Man-at-Arms
30:35 Elite Fire Lancer
31:40 Town Watch
33:47 Two-Man Saw
33:52 Hand Cart
33:58 Fletching
35:12 Chemistry
33:53 Pikeman
34:44 Town Patrol
34:55 Caravan
36:16 Eupseong
37:45 Fortified Wall
37:33 Bodkin Arrow
37:49 Forging
37:39 Scale Mail Armor
37:45 Scale Barding Armor
38:07 Halberdier
38:51 Heavy Rocket Cart
40:51 Bracer
41:27 Iron Casting
41:07 Chain Mail Armor
41:02 Siege Engineers
40:56 Murder Holes
41:34 Ballistics
43:01 Iron Casting
42:58 Plate Mail Armor
42:13 Treadmill Crane
42:46 Masonry
43:14 Thumb Ring
42:31 Elite Skirmisher
46:07 Architecture
46:00 Chain Barding Armor
47:32 Imperial Skirmisher
48:49 Arson
51:42 Heated Shot
Seeker
0:32 Loom
12:42 Feudal Age
13:42 Double-Bit Axe
14:29 Horse Collar
16:37 Wheelbarrow
24:53 Castle Age
22:46 Fletching
25:22 Forging
26:43 Caravan
27:34 Bow Saw
29:02 Heavy Plow
30:29 Bodkin Arrow
32:59 Town Watch
33:33 Hand Cart
34:39 Chemistry
34:12 Town Patrol
37:10 Imperial Age
34:27 Pikeman
35:07 Squires
34:52 Arson
36:48 Ballistics
36:39 Fortified Wall
36:41 Masonry
36:52 Wagenburg Tactics
37:16 Houfnice
39:29 Bracer
39:30 Padded Archer Armor
41:13 Two-Man Saw
41:24 Leather Archer Armor
41:45 Iron Casting
41:11 Scale Mail Armor
41:16 Scale Barding Armor
41:33 Onager
43:21 Siege Engineers
45:28 Ring Archer Armor
45:59 Blast Furnace
45:14 Chain Mail Armor
45:19 Chain Barding Armor
46:43 Conscription
45:43 Elite Hussite Wagon
66:39 Hussite Reforms
66:06 Sappers
65:58 Spies/Treason
67:15 Plate Mail Armor
68:21 Halberdier
68:24 Man-at-Arms
68:32 Crossbowman
68:32 Elite Skirmisher
68:36 Capped Ram
68:37 Heavy Scorpion
69:58 Architecture
Shram
0:33 Loom
13:31 Feudal Age
14:59 Wheelbarrow
14:14 Horse Collar
15:41 Double-Bit Axe
16:40 Town Watch
17:47 Gold Mining
18:24 Stone Mining
23:45 Castle Age
22:14 Fletching
22:24 Padded Archer Armor
24:02 Forging
23:53 Scale Mail Armor
23:59 Scale Barding Armor
24:43 Hand Cart
24:37 Caravan
25:41 Bow Saw
25:40 Heavy Plow
28:30 Treadmill Crane
29:53 Stone Shaft Mining
32:14 Imperial Age
29:51 Bodkin Arrow
30:18 Leather Archer Armor
31:55 Iron Casting
31:36 Chain Mail Armor
32:38 Chatras
33:53 Ballistics
34:33 Chemistry
34:10 Crop Rotation
35:26 Bloodlines
35:17 Husbandry
36:24 Paper Money
36:56 Town Patrol
38:42 Elite Rattan Archer
39:36 Bracer
40:06 Ring Archer Armor
41:51 Two-Man Saw
41:44 Plate Mail Armor
41:35 Chain Barding Armor
41:14 Elite Battle Elephant
45:41 Siege Engineers
46:37 Plate Barding Armor
63:35 Sanctity
63:16 Devotion
63:51 Theocracy
63:12 Herbal Medicine
63:42 Illumination
63:33 Block Printing
63:18 Atonement
63:52 Illumination
63:42 Block Printing
63:28 Atonement
63:42 Masonry
63:27 Murder Holes
63:43 Fortified Wall
63:23 Heated Shot
63:19 Arrowslits
63:25 Guard Tower
63:55 Bombard Tower
63:46 Clinker Construction
63:46 Careening
63:43 Squires
63:29 Arson
63:04 Elite Fire Lancer
63:05 Pikeman
63:05 Man-at-Arms
63:13 Light Cavalry
63:13 Cavalier
64:31 Hoardings
63:26 Sappers
63:19 Capped Ram
63:22 Onager
64:42 Coinage
64:22 Guilds
65:22 Spies/Treason
65:31 Long Swordsman
65:32 Halberdier
67:12 Banking
68:39 Keep
68:27 Faith
young bulvės
14:52 Feudal Age
15:42 Horse Collar
16:51 Double-Bit Axe
16:54 Town Watch
17:45 Wheelbarrow
17:01 Champi Runner
18:13 Gold Mining
19:22 Stone Mining
25:10 Castle Age
26:02 Heavy Plow
26:16 Bow Saw
29:26 Fortified Wall
30:28 Masonry
30:55 Scale Mail Armor
32:39 Chain Mail Armor
33:40 Town Patrol
34:32 Forging
34:50 Hand Cart
34:09 Champi Warrior
35:42 Ballistics
36:19 Squires
37:16 Iron Casting
38:01 Caravan
42:37 Imperial Age
40:32 Arson
42:14 Gold Shaft Mining
43:57 Crop Rotation
44:45 Chemistry
43:52 Siege Engineers
45:13 Elite Champi Warrior
46:32 Plate Mail Armor
47:27 Onager
53:09 Blast Furnace
58:58 Conscription
58:41 Fabric Shields
BENJA5020
3:13 Loom
12:43 Feudal Age
16:20 Horse Collar
16:25 Double-Bit Axe
16:32 Gold Mining
22:08 Castle Age
21:31 Stone Mining
24:20 Bow Saw
24:12 Heavy Plow
26:42 Gold Shaft Mining
28:38 Wheelbarrow
27:49 Town Watch
30:12 Hand Cart
29:57 Town Patrol
34:05 Forging
33:55 Scale Mail Armor
34:01 Scale Barding Armor
33:57 Padded Archer Armor
33:47 Fletching
36:32 Imperial Age
34:05 Murder Holes
34:31 Ballistics
33:46 Pikeman
34:27 Squires
33:48 Man-at-Arms
34:14 Gambesons
34:15 Arson
35:35 Iron Casting
35:48 Husbandry
35:59 Bloodlines
35:09 Light Cavalry
35:57 Caravan
36:29 Coinage
37:14 Stone Shaft Mining
36:41 Onager
37:46 Chain Barding Armor
37:42 Chain Mail Armor
37:43 Leather Archer Armor
37:24 Bodkin Arrow
37:28 Long Swordsman
39:49 Blast Furnace
38:50 Cavalier
42:12 Plate Barding Armor
42:08 Plate Mail Armor
51:10 Bracer
57:58 Capped Ram
59:47 Chemistry
59:54 Siege Ram
On2toy
10:55 Feudal Age
11:42 Double-Bit Axe
14:14 Horse Collar
17:28 Wheelbarrow
19:27 Stone Mining
21:43 Castle Age
23:42 Padded Archer Armor
23:32 Fletching
25:48 Bow Saw
26:40 Heavy Plow
27:03 Leather Archer Armor
26:43 Bodkin Arrow
27:28 Hand Cart
31:23 Imperial Age
31:05 Nomads
33:44 Drill
32:45 Elite Mangudai
33:46 Conscription
33:53 Drill
33:43 Bracer
34:24 Caravan
34:54 Coinage
34:55 Capped Ram
36:15 Gold Mining
37:01 Stone Shaft Mining
36:32 Siege Ram
38:48 Thumb Ring
39:45 Banking
40:36 Ballistics
42:23 Gold Shaft Mining
44:57 Chemistry
47:28 Town Watch
47:54 Scale Barding Armor
48:06 Siege Engineers
yomamacry
0:44 Loom
11:52 Feudal Age
13:09 Wheelbarrow
12:16 Horse Collar
12:23 Double-Bit Axe
12:32 Gold Mining
12:32 Stone Mining
23:32 Castle Age
22:54 Forging
23:18 Fletching
24:32 Heavy Plow
24:19 Town Watch
24:49 Hand Cart
24:48 Bow Saw
27:21 Town Patrol
27:57 Caravan
33:01 Imperial Age
31:23 Scale Mail Armor
31:29 Scale Barding Armor
31:20 Bodkin Arrow
31:55 Ballistics
32:29 Fortified Wall
33:31 Murder Holes
33:47 Masonry
34:42 Chemistry
33:39 Murder Holes
34:56 Crop Rotation
36:52 Gold Shaft Mining
37:16 Conscription
37:31 Comitatenses
37:36 Masonry
37:51 Chain Barding Armor
37:34 Padded Archer Armor
38:39 Iron Casting
39:57 Plate Barding Armor
39:46 Elite Centurion
41:42 Blast Furnace
41:20 Siege Engineers
43:11 Leather Archer Armor
45:10 Heavy Cavalry Archer
46:57 Ring Archer Armor
51:33 Pikeman
52:14 Squires
53:11 Halberdier
53:27 Elite Skirmisher
Connection lost

Rejoining the realm…

Still unreachable

The connection could not be restored.

Session expired

The server has moved on; the page needs a fresh start.